 Seeded DCSS version 0.29-a0-344-ge2f44be95a (webtiles) character file.

Game seed: 1450950038153131384 (custom seed)

82 zeratav the Firebug (level 4, 0/27 HPs)
             Began as an Octopode Fire Elementalist on Apr 21, 2022.
             Succumbed to an adder's poison
             ... on level 2 of the Dungeon.
             The game lasted 00:02:51 (2337 turns).

zeratav the Firebug (Octopode Fire Elementalist)    Turns: 2337, Time: 00:02:52

Health: 0/27       AC:  1    Str:  7    XL:     4   Next: 43%
Magic:  1/7        EV: 13    Int: 19    God:
Gold:   65         SH:  0    Dex: 18    Spells: 4/7 levels left

rFire   . . .      SeeInvis .   m - +1 dagger (venom) {short}
rCold   . . .      Faith    .   (no shield)
rNeg    . . .      Spirit   .   (helmet restricted)
rPois   .          Reflect  .   (no amulet)
rElec   .          Harm     .   b - +6 ring of dexterity
rCorr   .          Rampage  .   (no ring)
Will    .....                   (no ring)
Stlth   +++.......              (no ring)
HPRegen 0.09/turn               (no ring)
MPRegen 0.10/turn               (no ring)
                                (no ring)
                                (no ring)

@: lethally poisoned (0 -> -5)
A: almost no armour, amphibious, 8 rings, camouflage 1, gelatinous body 1,
(nimble swimmer 1), tentacles
a: no special abilities


You were on level 2 of the Dungeon.
You visited 1 branch of the dungeon, and saw 2 of its levels.

You collected 65 gold pieces.


Innate Abilities, Weirdness & Mutations

You cannot wear most types of armour.
You are amphibious.
You can wear up to eight rings at the same time.
Your skin changes colour to match your surroundings (Stealth+).
Your rubbery body absorbs attacks. (AC +1, EV +1)
((You are camouflaged when in or above water. (Stealth+)))
You have tentacles for arms and can constrict up to eight enemies at once.


   Skills:
 - Level 2.0 Dodging
 - Level 2.6 Stealth
 - Level 2.0 Spellcasting
 - Level 1.0 Conjurations
 + Level 5.1 Fire Magic


You had 4 spell levels left.
You knew the following spells:

 Your Spells              Type           Power      Damage    Failure   Level
a - Foxfire               Conj/Fire      52%        2x1d6     4%          1
b - Scorch                Fire           42%        2d7       3%          2

Your spell library contained the following spells:

 Spells                   Type           Power      Damage    Failure   Level
 Conjure Flame            Conj/Fire      13%        6-21      14%         3
 Inner Flame              Hex/Fire       11%        N/A       19%         3
 Flame Wave               Conj/Fire      13%        2d6       43%         4
 Portal Projectile        Hex/Tloc       2%         N/A       45%         3
 Fireball                 Conj/Fire      6%         3d5       80%         5
 Blade Hands              Tmut           0%         N/A       99%         5
 Excruciating Wounds      Necr           0%         N/A       99%         5
 Starburst                Conj/Fire      6%         6d4       100%        6
 Ignition                 Fire           10%        3d5       100%        8

Inventory:

Hand Weapons
 m - a +1 dagger of venom (weapon) {short}
   (You took it off a kobold on level 2 of the Dungeon)
Jewellery
 b - a +6 ring of dexterity (left tentacle)
   (You found it on level 1 of the Dungeon)
Scrolls
 c - a scroll of teleportation {unknown}
 f - 3 scrolls of enchant armour {unknown}
 g - 2 scrolls of identify {unknown}
 n - a scroll of amnesia {unknown}
Potions
 a - a potion of magic
 d - 2 potions of berserk rage {unknown}
 e - a potion of haste {unknown}
 h - a potion of degeneration {unknown}
 i - a potion of flight {unknown}
 j - a potion of attraction {unknown}
 k - a potion of invisibility {unknown}
 l - a potion of might {unknown}

Dungeon Overview and Level Annotations

Branches:
Dungeon (2/15)

Altars:

#........ #. #........ #.
#######........ #.
............... #.
............... #.
.........†S.# #.
..........#.# #.
......†SS.#.###########.
..........@................
#............##............
#............##............
.............##............
#............##............
#............##............
.............###.#######.##
.........................#
...#######...............#


You could see 2 adders and a ball python.


Message History

MP[-2]
You lost 2 mp, and now have 5/7 mp.
The jackal barks! x2
Flames lash the jackal.
You kill the jackal!
MP[-2]
You lost 2 mp, and now have 3/7 mp.
Flames lash the jackal.
You kill the jackal!
MP[-2]
You lost 2 mp, and now have 1/7 mp.
You don't have enough magic to cast this spell.
Things that are here:
a jackal corpse; a jackal corpse; MP[+6]
Your mp is fully restored (7).
Found a stone staircase leading down.
There is a stone staircase leading down here.
f - 3 scrolls labelled ERRALYM ZEOSTRA (gained 1)
A bat comes into view.
A bat is nearby!
Flames lash the bat.
You kill the bat!
Your Fire Magic skill increases to level 5!
MP[-2]
You lost 2 mp, and now have 5/7 mp.
You see here a bat corpse.
n - a scroll labelled HOCOMM ITYUM MP[+2]
Your mp is fully restored (7).
An adder comes into view. 2 adders come into view.
A bat comes into view.
The adder hisses angrily. x2
The adder misses you.
You miss the adder.
The adder hisses angrily.
Your grab misses the adder. The bat barely misses you. The adder bites you.
HP[-2]
You take 2 damage, and now have 25/27 hp.
Flames lash the adder.
The adder's fire resistance burns away.
The bat barely misses you. The adder closely misses you. The adder bites you.
The bat misses you.
HP[-3] MP[-2]
You take 3 damage, and now have 22/27 hp.
You lost 2 mp, and now have 5/7 mp.
Flames lash the adder.
The adder's fire resistance burns away.
You hear a shout!
The bat barely misses you. The adder closely misses you. x2
The adder barely misses you.
MP[-2]
You lost 2 mp, and now have 3/7 mp.
Flames lash the bat.
You kill the bat!
The adder bites you. The adder misses you. The adder bites you.
HP[-4] MP[-2]
You take 4 damage, and now have 18/27 hp.
You lost 2 mp, and now have 1/7 mp.
You are too injured to fight recklessly!
You barely miss the adder. You grab the adder. You squeeze the adder.
You kill the adder!
The adder barely misses you. The adder bites you.
You are poisoned.
The adder poisons you!
HP[-1]
You take 1 damage, and now have 17/27 hp.
You hit the adder. Your grab misses the adder. Your squeeze misses the adder.
You feel sick. The adder bites you but does no damage. The adder misses you.
HP[-1]
You take 1 damage, and now have 16/27 hp.
You closely miss the adder. Your grab misses the adder.
Your squeeze misses the adder.
You feel sick.
The adder is no longer more vulnerable to fire.
The adder bites you.
* * * LOW HITPOINT WARNING * * *
The adder barely misses you.
A ball python comes into view.
The adder misses you. The adder closely misses you.
HP[-3]
You take 3 damage, and now have 13/27 hp.
You miss the adder.
The ball python hisses angrily.
Your grab misses the adder.
You feel sick. The adder bites you.
* * * LOW HITPOINT WARNING * * *
The adder bites you.
* * * LOW HITPOINT WARNING * * *
You are lethally poisoned!
The adder poisons you!
HP[-7]
You take 7 damage, and now have 6/27 hp.
MASSIVE DAMAGE!! (PAUSE)
You hit the adder but do no damage.
The adder is poisoned.
Your grab misses the adder.
* * * LOW HITPOINT WARNING * * *
You feel sick. The adder closely misses you. The adder bites you.
* * * LOW HITPOINT WARNING * * *
HP[-5]
You take 5 damage, and now have 1/27 hp.
You closely miss the adder. You grab the adder.
You constrict the adder, but do no damage.
You die...

Skill      XL: |  1  2  3  4 |
---------------+-------------+-----
Fire Magic     | 4 5 |  5.1
Dodging        | |  2.0
Stealth        | |  2.6
Spellcasting   | |  2.0
Conjurations   | |  1.0

Action                   |  1- 3 |  4- 6 || total
-------------------------+-------+-------++-------
Melee: Unarmed           |    22 |       ||    22
       Constrict         |    10 |     2 ||    12
       Tentacles         |     9 |     1 ||    10
       Dagger            |    19 |     7 ||    26
 Cast: Foxfire           |     3 |       ||     3
       Scorch            |    23 |     8 ||    31
 Stab: Sleeping          |     3 |       ||     3
Armor: Skin              |     1 |     1 ||     2
Dodge: Dodged            |    32 |    16 ||    48

Levels and vault maps discovered:
D:1:      minmay_arrival_three_doors, layout_loops_corners
D:2:      cheibrodos_helix_gallery, layout_basic,
          nicolae_ecumenical_lake_church, kennysheep_nub

Notes
Turn   | Place    | Note
-------+----------+-------------------------------------------
     0 | D:1      | zeratav the Octopode Fire Elementalist began the quest for
                  | the Orb.
     0 | D:1      | Reached XP level 1. HP: 11/11 MP: 3/3
     0 | D:1      | magus.rc [v1.9.6]
   233 | D:1      | Reached XP level 2. HP: 12/17 MP: 1/5
   236 | D:1      | Learned a level 2 spell: Scorch
   637 | D:1      | You pick up a book of Fire and begin reading...
   637 | D:1      | You add the spells Fireball, Starburst and Ignition to your
                  | library.
   866 | D:1      | HP: 3/17 [goblin/+0 club (2)]
  1164 | D:1      | Reached skill level 4 in Fire Magic
  1270 | D:1      | Reached XP level 3. HP: 11/21 MP: 1/6
  1271 | D:1      | HP: 5/21 [jackal (1)]
  1705 | D:1      | You pick up a book of Weapons and begin reading...
  1705 | D:1      | You add the spells Portal Projectile, Excruciating Wounds
                  | and Blade Hands to your library.
  1923 | D:2      | Reached XP level 4. HP: 19/27 MP: 0/7
  2224 | D:2      | Reached skill level 5 in Fire Magic
  2335 | D:2      | HP: 6/27 [adder (2)]
  2336 | D:2      | HP: 1/27 [adder (3)]
  2337 | D:2      | Succumbed to an adder's poison

Vanquished Creatures
  4 adders (D:2)
  A dart slug (D:1)
  5 bats
  4 endoplasms
  2 giant cockroaches (D:1)
  A goblin (D:1)
  3 hobgoblins (D:1)
  8 jackals
  5 kobolds
  3 ball pythons
  2 frilled lizards (D:1)
  2 rats (D:1)
40 creatures vanquished.

Vanquished Creatures (others)
  4 foxfires (D:1)
4 creatures vanquished.

Grand Total: 44 creatures vanquished

Table legend:
 A = Non-vault XP
 B = Vault XP
 C = Vault XP percentage of total XP
 D = Non-vault monster count
 E = Vault monster count
 F = Vault count percentage of total count
                 A         B        C        D         E       F
            +---------+---------+-------+---------+---------+-------
      Total |     103 |      15 |  12.7 |      38 |       2 |   5.0
            +---------+---------+-------+---------+---------+-------
        D:1 |      41 |       0 |   0.0 |      23 |       0 |   0.0
        D:2 |      62 |      15 |  19.5 |      15 |       2 |  11.8
            +---------+---------+-------+---------+---------+-------

Illustrated notes

Table legend:
 A = Kills in this place as a percentage of kills in entire the game.
 B = Kills by you in this place as a percentage of kills by you in the entire game.
 C = Kills by friends in this place as a percentage of kills by friends in the entire game.
 D = Other kills in this place as a percentage of other kills in the entire game.
 E = Experience gained in this place as a percentage of experience gained in the entire game.
 F = Experience gained in this place divided by the number of levels of this place that you have seen.
                   A       B       C       D       E      F
               +-------+-------+-------+-------+-------+----------------------
         Total | 100.0 | 100.0 |   N/A |   N/A | 100.0 |  59.0
       Dungeon | 100.0 | 100.0 |   N/A |   N/A | 100.0 |  59.0
               +-------+-------+-------+-------+-------+----------------------

Table legend: (Time is in decaauts)
 A = Elapsed time spent in this place.
 B = Non-inter-level travel time spent in this place.
 C = Inter-level travel time spent in this place.
 D = Time resting spent in this place.
 E = Time spent auto-exploring this place.
 F = Levels seen in this place.
 G = Mean time per level.
                   A        B        C        D        E       F      G
               +--------+--------+--------+--------+--------+-----+--------+
         Total |   2335 |   2330 |      5 |    661 |   1423 |   2 | 1167.5 |
       Dungeon |   2335 |   2330 |      5 |    661 |   1423 |   2 | 1167.5 |
               +--------+--------+--------+--------+--------+-----+--------+

Top non-repeatable levels by time:
     D:1: 1737 daAuts
     D:2: 598 daAuts
